 Dungeon Crawl Stone Soup version 0.30.1 (webtiles) character file.

Game seed: 17313880716176799059

5173 McKennaii the Destroyer (level 10, -8/69 HPs)
             Began as a Demigod Conjurer on July 7, 2023.
             Mangled by a yak (10 damage)
             ... on level 8 of the Dungeon.
             The game lasted 00:15:00 (11783 turns).

McKennaii the Destroyer (Demigod Conjurer)         Turns: 11783, Time: 00:15:01

Health: -8/69      AC:  9    Str: 10    XL:     10   Next: 12%
Magic:  2/27       EV: 12    Int: 32    God:
Gold:   212        SH:  0    Dex: 12    Spells: 15/27 levels left

rFire   . . .        g - +3 hand axe
rCold   . . .        (no shield)
rNeg    . . .        a - +0 robe
rPois   .            h - +1 helmet
rElec   .            K - +0 cloak
rCorr   .            (no gloves)
SInv    .            (no boots)
Will    +++..        B - amulet "Ofuati Zithri" {Acrobat Will+ Str+2}
Stlth   ++           O - +4 ring of protection
HPRegen 0.31/turn    z - ring of willpower
MPRegen 0.20/turn

%: acrobat
@: hasted, very quick
A: high MP 1, forlorn, divine attributes
a: no special abilities


You were on level 8 of the Dungeon.
You visited 1 branch of the dungeon, and saw 9 of its levels.

You collected 590 gold pieces.
You spent 378 gold pieces at shops.

Inventory:

Hand Weapons
 g - a +3 hand axe (weapon)
Missiles
 P - 4 throwing nets
Armour
 a - a +0 robe (worn)
 h - a +1 helmet (worn)
 E - the +2 ring mail of Incorporation {Will+}
   (You bought it in a shop on level 1 of the Dungeon)

   Will:      It increases your willpower.
 J - a +2 leather armour of fire resistance
 K - a +0 cloak (worn)
Magical Staves
 t - a staff of earth
Jewellery
 z - a ring of willpower (right hand)
 B - the amulet "Ofuati Zithri" (around neck) {Acrobat Will+ Str+2}
   (You found it on level 4 of the Dungeon)

   [amulet of the acrobat]

   It increases your evasion while moving and waiting.
   Str:       It affects your strength (+2).
   Will:      It increases your willpower.
 D - a ring of fire
 N - a ring of resist corrosion
 O - a +4 ring of protection (left hand)
Wands
 y - a wand of charming (7)
 F - a wand of roots (6)
 M - a wand of polymorph (11)
 Q - a wand of flame (18)
 R - a wand of digging (7)
 U - a wand of mindburst (28)
Scrolls
 c - 3 scrolls of magic mapping {unknown}
 d - 4 scrolls of enchant weapon {unknown}
 e - a scroll of silence {unknown}
 j - 2 scrolls of fog {unknown}
 k - 3 scrolls of amnesia {unknown}
 m - 4 scrolls of fear {unknown}
 n - a scroll of immolation {unknown}
 o - 6 scrolls of identify {unknown}
 p - 3 scrolls of noise {unknown}
 r - a scroll of poison {unknown}
 v - 2 scrolls of blinking {unknown}
 I - 4 scrolls of teleportation {unknown}
 L - 4 scrolls of vulnerability {unknown}
 V - a scroll of butterflies {unknown}
Potions
 b - a potion of magic
 f - a potion of resistance {unknown}
 i - 3 potions of haste
 l - 2 potions of curing {unknown}
 q - 3 potions of degeneration {unknown}
 s - 2 potions of attraction {unknown}
 u - 4 potions of heal wounds {unknown}
 w - 4 potions of lignification {unknown}
 x - 2 potions of invisibility {unknown}
 A - 3 potions of mutation {unknown}
 C - 2 potions of brilliance {unknown}
 G - 3 potions of flight {unknown}
 H - a potion of might {unknown}
 S - a potion of berserk rage {unknown}
 T - a potion of ambrosia {unknown}


   Skills:
 - Level 1.7 Dodging
 - Level 1.7 Stealth
 + Level 9.4 Spellcasting
 + Level 10.7 Conjurations


You had 15 spell levels left.
You knew the following spells:

 Your Spells              Type           Power      Damage    Failure   Level
a - Magic Dart            Conj           100%       1d8       1%          1
b - Searing Ray           Conj           100%       2d8       1%          2
c - Iskenderun's Mystic   Conj/Tloc      49%        2d11      3%          4
f - Freezing Cloud        Conj/Ice/Air   18%        6-21      21%         5

Your spell library contained the following spells:

 Spells                   Type           Power      Damage    Failure   Level
 Dazzling Flash           Conj/Hex       98%        N/A       1%          3
 Mephitic Cloud           Conj/Pois/Air  37%        N/A       2%          3
 Summon Small Mammal      Summ           60%        N/A       3%          1
 Fulminant Prism          Conj/Hex       24%        3d12      3%          4
 Lesser Beckoning         Tloc           30%        N/A       4%          2
 Poisonous Vapours        Pois/Air       30%        N/A       4%          2
 Sublimation of Blood     Necr           15%        N/A       4%          2
 Call Canine Familiar     Summ           15%        N/A       10%         3
 Gell's Gravitas          Tloc           15%        N/A       10%         3
 Summon Guardian Golem    Hex/Summ       15%        N/A       10%         3
 Teleport Other           Tloc           15%        N/A       10%         3
 Irradiate                Conj/Tmut      24%        3d19      10%         5
 Anguish                  Hex/Necr       7%         N/A       32%         4
 Cause Fear               Hex            7%         N/A       32%         4
 Leda's Liquefaction      Hex/Erth       7%         N/A       32%         4
 Petrify                  Tmut/Erth      15%        N/A       32%         4
 Lee's Rapid Deconstruct  Erth           7%         3d7*      65%         5
 Statue Form              Tmut/Erth      10%        N/A       99%         6
 Dragon Form              Tmut           7%         N/A       100%        7
 Enfeeble                 Hex            7%         N/A       100%        7
 Dragon's Call            Summ           7%         N/A       100%        9


Dungeon Overview and Level Annotations

Branches:
Dungeon (9/15)             Temple (0/1) D:4            Lair (0/5) D:8
    Orc: D:9-12

Shops:
D:1 *   D:4 *   D:5 [

Annotations:
D:8 kij's ghost, novice MiBe
D:9 1 transporter, Harold


Innate Abilities, Weirdness & Mutations

You have an increased reservoir of magic. (+10% MP)
You shall have no god before yourself.
Your divine heritage dramatically boosts your attributes as you level up.


Message History

* * * LOW HITPOINT WARNING * * *
Unknown command.
Unknown command.
Aiming: Mindburst
Press: ? - help, Shift-Dir - straight line, f - Harold, p - yak
Aim: Harold, wielding a +0 trident, wearing a +0 scale mail and quivering 5 throwing nets (severely wounded, chance to affect: 29%)
Okay, then.
Aiming: Fastroot
Press: ? - help, Shift-Dir - straight line, p - yak The roots erupt in riotous growth!
Roots grab Harold.
The grasping roots constrict Harold.
Harold closely misses you. The yak misses you.
Unknown command.
Unknown command.
Unknown command.
Unknown command.
Okay, then.
The yak attacks as you move away! The yak closely misses you.
The yak attacks as you move away! The yak closely misses you.
The grasping roots constrict Harold.
Harold hits you but does no damage.
Found a scroll labelled YTICKYL AMAN.
The grasping roots constrict Harold.
The roots release their grip on Harold.
Harold points at you and mumbles some strange words.
You struggle to resist.
Unknown command.
Found a transporter.
There is a stone staircase leading up here.
The yak gores you.
* * * LOW HITPOINT WARNING * * *
Harold casts a spell at you.
You struggle to resist.
The yak closely misses you.
You climb upwards.
Level annotation: kij's ghost, novice MiBe
There is a stone staircase leading down here.
Unknown command.
It was a potion of haste.
You feel yourself speed up. The yak gores you!
* * * LOW HITPOINT WARNING * * *
The yak gores you!
You die...

##.###..#..###.#
#.##.###.##
##.##..###.....#
#.###...##
##.##...#..##### #.#
##.## ##.##.#...##
###.####.# ##.##.##.##
#..).....# ##.##.##.#
#.#.###### ##.##.##.#
#.#.#
##.##.##.##########.#.#
##.##.##.......Y@Y..#.#
.....<###############.#
...#### #........#
######## #<########
####...#######.#
...............#
####...######### #####


You could see 2 yaks.

Vanquished Creatures
  Pikel (D:4)
  A vampire (D:9)
  A wyvern (D:8)
  3 yaks
  A steam dragon (D:7)
  Edmund (D:5)
  Duvessa (D:5)
  An orc warrior (D:7)
  3 black bears
  A sky beast (D:7)
  2 ice beasts (D:6)
  2 centaurs
  2 lemures (D:5)
  3 phantoms
  5 bullfrogs
  3 gnoll sergeants
  3 wights (D:6)
  Dowan (D:5)
  10 killer bees
  5 electric eels (D:7)
  2 gnoll boudas
  Crazy Yiuf (D:5)
  3 jellies
  5 orc priests
  2 sleepcaps
  Ijyb (D:4)
  6 iguanas
  7 orc wizards
  Robin (D:4)
  34 gnolls
  7 adders
  A white imp (D:8)
  3 worms
  A dart slug (D:3)
  19 orcs
  5 ball pythons
  4 endoplasms
  2 giant cockroaches
  35 goblins
  38 hobgoblins
  10 jackals
  10 kobolds
  3 quokkas
  6 bats
  6 frilled lizards
  5 rats
267 creatures vanquished.

Notes
Turn   | Place    | Note
-------+----------+-------------------------------------------
     0 | D:1      | McKennaii the Demigod Conjurer began the quest for the Orb.
     0 | D:1      | Reached XP level 1. HP: 14/14 MP: 5/5
   212 | D:1      | Found Hon Piuc's Assorted Antiques.
   235 | D:1      | Bought a scroll labelled ALLIEXI XIOZYG for 20 gold pieces
   456 | D:1      | Reached XP level 2. HP: 20/20 MP: 4/7
   971 | D:1      | Learned a level 2 spell: Searing Ray
  1137 | D:2      | Reached skill level 4 in Conjurations
  1785 | D:2      | Reached XP level 3. HP: 26/26 MP: 7/9
  2749 | D:3      | Reached XP level 4. HP: 33/33 MP: 7/11
  3286 | D:4      | Found a staircase to the Ecumenical Temple.
  3349 | D:4      | Reached XP level 5. HP: 38/38 MP: 11/13
  3468 | D:4      | Reached skill level 5 in Conjurations
  3487 | D:4      | Noticed Ijyb
  3519 | D:4      | Killed Ijyb
  3718 | D:4      | Identified the amulet "Ofuati Zithri" {Acrobat Will+ Str+2}
  3826 | D:4      | Found Vathrasaa's General Store.
  3829 | D:4      | Noticed Robin
  3834 | D:4      | Killed Robin
  4430 | D:4      | Learned a level 4 spell: Iskenderun's Mystic Blast
  4590 | D:4      | Reached XP level 6. HP: 45/45 MP: 10/15
  5342 | D:4      | Learned a level 5 spell: Freezing Cloud
  5443 | D:1      | Bought a scroll labelled UPAZUO ACLUO for 20 gold pieces
  5443 | D:1      | Bought a pink potion for 18 gold pieces
  5443 | D:1      | Bought a scroll labelled PAOTAPPILAGH for 20 gold pieces
  5443 | D:1      | Bought a scroll labelled UPAZUO ACLUO for 20 gold pieces
  5443 | D:1      | Bought a wooden ring for 100 gold pieces
  5443 | D:1      | Bought a black opal-encrusted ring mail for 180 gold pieces
  5443 | D:1      | Identified the +2 ring mail of Incorporation {Will+} (You
                  | bought it in a shop on level 1 of the Dungeon)
  5518 | D:5      | Entered Level 5 of the Dungeon
  5612 | D:5      | Noticed Edmund
  5625 | D:5      | Killed Edmund
  5626 | D:5      | Reached skill level 6 in Conjurations
  5732 | D:5      | Noticed Pikel
  5778 | D:4      | Killed Pikel
  5779 | D:4      | Reached skill level 5 in Spellcasting
  5779 | D:4      | Reached skill level 7 in Conjurations
  5779 | D:4      | Reached XP level 7. HP: 7/50 MP: 1/19
  6118 | D:5      | Noticed Dowan
  6121 | D:5      | Noticed Duvessa
  6124 | D:5      | Killed Dowan
  6132 | D:5      | Killed Duvessa
  6133 | D:5      | Reached XP level 8. HP: 41/57 MP: 5/20
  6718 | D:5      | Found Hadad's Dragon-Slaying Spoils.
  6851 | D:5      | Found a runed translucent door.
  6852 | D:5      | Noticed Crazy Yiuf
  6860 | D:5      | Killed Crazy Yiuf
  7110 | D:5      | Reached skill level 8 in Conjurations
  8043 | D:6      | Reached XP level 9. HP: 62/62 MP: 9/24
  8435 | D:7      | Reached skill level 9 in Conjurations
 10015 | D:8      | Found a runed translucent gate.
 10015 | D:8      | Found a runed translucent gate.
 10017 | D:8      | Found a runed translucent gate.
 10018 | D:8      | Noticed kij's ghost (novice MiBe)
 10048 | D:8      | Reached skill level 10 in Conjurations
 10233 | D:8      | Found a staircase to the Lair.
 11550 | D:9      | Reached XP level 10. HP: 69/69 MP: 13/27
 11763 | D:9      | Noticed Harold
 11780 | D:9      | Found a transporter.
 11783 | D:8      | HP: 2/69 [yak (12)]
 11783 | D:8      | Mangled by a yak

Illustrated notes

Levels and vault maps discovered:
D:1:      beargit_arrival_greenhouse, layout_basic, serial_shops,
          nicolae_shop_crystal, shapermc_ecumenical_altar_mp_highgroup
D:2:      layout_loops_ring
D:3:      layout_rooms, tso_oasis_becter, mainiacjoe_overflow_brackets,
          amcnicky_altar_gilded, old_standard_altar, minmay_cut_off
D:4:      minmay_goblin_kobold_castle, layout_gridville,
          minmay_temple_entry_mist, serial_shops, nicolae_shop_behind_doors,
          uniq_robin, uniq_ijyb
D:5:      layout_loops_ring, kennysheep_little_box, nicolae_shop_dragon_depot,
          lightli_minifort, uniq_pikel, uniq_duvessa, uniq_crazy_yiuf_cottage,
          uniq_edmund
D:6:      layout_cave_pools, hellmonk_okawaru_the_only_friend_you_need,
          serial_glass, glass_columns_a, glass_columns_a,
          nicolae_figureground_pulse
D:7:      layout_rooms, serial_bayou, serial_bayou_pond_e, serial_bayou_pond_e,
          serial_bayou_lake_a, serial_bayou_lagoon_a
D:8:      layout_loops_ring, kennysheep_mini, minitemple, david_lair_generic,
          ebering_ghost_rock_garden
D:9:      layout_roguey, gammafunk_ghost_berserking_beasts, uniq_harold

Skill      XL: |  1  2  3  4  5  6  7  8  9 |
---------------+----------------------------+-----
Spellcasting   | 2 3 4 5 6 7 9 |  9.4
Conjurations   | 4 5 7 8 10 | 10.7
Dodging        | |  1.7
Stealth        | |  1.7

Action                     |  1- 3 |  4- 6 |  7- 9 | 10-12 || total
---------------------------+-------+-------+-------+-------++-------
  Melee: Unarmed           |    43 |       |       |       ||    43
         Hand axe          |     4 |    11 |       |       ||    15
   Cast: Magic Dart        |   103 |   117 |   152 |     1 ||   373
         Searing Ray       |     1 |    28 |    64 |     7 ||   100
         Iskenderun's Myst |       |       |    22 |     4 ||    26
         Freezing Cloud    |       |       |     1 |       ||     1
  Evoke: Wand              |       |     1 |       |     1 ||     2
    Use: Potion            |       |       |       |     1 ||     1
 Armour: Robe              |     8 |     8 |    16 |     1 ||    33
  Dodge: Dodged            |    61 |   104 |   110 |    21 ||   296
  Block: Other             |     2 |     7 |       |       ||     9
         Reflection        |       |     2 |       |       ||     2
